 Dungeon Crawl Stone Soup version 0.19.1 (webtiles) character file.

620 Jerry the Slasher (level 7, 49/52 HPs)
             Began as a Demonspawn Berserker on Dec 26, 2016.
             Was an Elder of Trog.
             Quit the game on level 4 of the Dungeon.
             The game lasted 00:11:21 (4495 turns).

Jerry the Slasher (Demonspawn Berserker)            Turns: 4495, Time: 00:11:22

Health: 49/52      AC: 12    Str: 18    XL:     7   Next: 22%
Magic:  7/7        EV:  8    Int:  9    God:    Trog [****..]
Gold:   272        SH:  0    Dex: 13    Spells: 0 memorised, 6 levels left

rFire  . . .     SeeInvis .     b - +0 long sword
rCold  . . .     Gourm    .     m - +0 chain mail
rNeg   . . .     Faith    .     (no shield)
rPois  .         Spirit   +     (helmet restricted)
rElec  .         Reflect  .     p - +2 cloak
rCorr  .         Harm     .     (no gloves)
MR     .....                    (no boots)
Stlth  ..........               (no amulet)
                                (no ring)
                                y - ring of wizardry

@: no status effects
A: antennae 1, talons 1, powered by death 1, magic shield
a: Berserk, Trog's Hand, Brothers in Arms, Burn Spellbooks, Renounce Religion


You were on level 4 of the Dungeon.
You worshipped Trog.
Trog was greatly pleased with you.
You were not hungry.

You visited 1 branch of the dungeon, and saw 4 of its levels.

You collected 272 gold pieces.

Inventory:

Hand Weapons
 b - a +0 long sword (weapon)
Missiles
 u - 118 stones (quivered)
Armour
 m - a +0 chain mail (worn)
 p - a +2 cloak (worn)
 q - a +0 buckler
 t - the +1 helmet of Vehumet {rElec MP+9}
   (You took it off Robin on level 2 of the Dungeon)

   It insulates you from electricity.
   It affects your magic capacity (+9).
Jewellery
 y - a ring of wizardry (left hand)
Scrolls
 a - a scroll of fear {unknown}
 e - 3 scrolls of remove curse {unknown}
 g - 5 scrolls of identify {unknown}
 j - 3 scrolls of teleportation {unknown}
 l - 2 scrolls of blinking {unknown}
 r - 2 scrolls of recharging {unknown}
 v - a scroll of random uselessness {unknown}
Potions
 d - a potion of berserk rage {unknown}
 f - 3 potions of curing {unknown}
 k - a potion of lignification {unknown}
 o - 2 potions of heal wounds {unknown}
 s - a potion of haste {unknown}
 w - 2 potions of ambrosia {unknown}
 x - a potion of cancellation {unknown}
Comestibles
 c - 2 bread rations
 h - 2 slices of pizza
 i - a beef jerky
 n - 2 meat rations


   Skills:
 - Level 3.0 Fighting
 + Level 4.9 Long Blades
 + Level 4.4 Armour
 - Level 2.8 Dodging
 + Level 3.1 Shields


You had 6 spell levels left.
You didn't know any spells.

Dungeon Overview and Level Annotations

Branches:
Dungeon (4/15)
 Temple: D:4-7

Altars:
Ashenzari
Makhleb
The Shining One


Innate Abilities, Weirdness & Mutations

You have a pair of small antennae on your head.
You have sharp toenails.
You regenerate a little health from kills.
When hurt, damage is shared between your health and your magic reserves.


Message History

The worker ant is almost dead.
You slash the worker ant!
You kill the worker ant!
Trog accepts your kill.
You feel sick.
No target in view!
You feel sick.
You feel sick.
You open the door.
You feel sick.
There is an open door here.
You feel sick.
You feel sick.
You feel sick.
You feel sick.
You feel sick.
You are no longer poisoned.
Done exploring.
Done exploring.
y - a ring of wizardry (left hand) Are you sure you want to abandon this character and quit the game? (Confirm with "yes".)

#.###.#.#.# ####...#
#.....#.#+## #.......
###........# #.##....
#..........# #.###...
#.#........# ##..###..
#.#........# #....####
#.#######.## #.....# #.# #.#
#.....# #.# #@# #....#### #.#
#.# #...###.[
####.#######.########..###...
#......................##....
#.##.##......#########.......
#.#..........##############.#
#.#..#.......................
#.#..#......###.......#######
#.##.#......# #.......#


There were no monsters in sight!

Vanquished Creatures
  A phantom (D:4)
  An ogre (D:4)
  The ghost of M4edhros the Sneak, a weakling OpAr (D:3)
  Crazy Yiuf (D:2)
  3 orc wizards
  Jessica (D:2)
  Terence (D:2)
  An iguana (D:4)
  A worker ant (D:4)
  A howler monkey zombie (D:3)
  Robin (D:2)
  5 adders
  An adder skeleton (D:4)
  4 worms
  2 dart slugs
  4 leopard geckos
  9 orcs
  6 bats
  4 giant cockroaches
  13 hobgoblins
  4 jackals (D:1)
  A quokka (D:3)
  4 frilled lizards
  22 goblins
  11 kobolds
  A leopard gecko skeleton (D:4)
  13 rats
117 creatures vanquished.

Notes
Turn   | Place    | Note
-------+----------+-------------------------------------------
     0 | D:1      | Jerry the Demonspawn Berserker began the quest for the Orb.
     0 | D:1      | Reached XP level 1. HP: 18/18 MP: 1/1
   206 | D:1      | Gained mutation: You have sharp toenails. [demonic ancestry]
   206 | D:1      | Reached XP level 2. HP: 21/24 MP: 2/2
   673 | D:1      | Reached ** piety under Trog
   683 | D:1      | Reached XP level 3. HP: 26/29 MP: 3/3
   930 | D:2      | Noticed Robin
   942 | D:2      | Killed Robin
  1260 | D:2      | Reached XP level 4. HP: 35/35 MP: 4/4
  1492 | D:2      | Reached *** piety under Trog
  1592 | D:2      | Noticed Terence
  1597 | D:2      | Noticed Jessica
  1606 | D:2      | Killed Terence
  1606 | D:2      | Reached skill level 1 in Shields
  1610 | D:2      | Killed Jessica
  1610 | D:2      | Gained mutation: When hurt, damage is shared between your health and your magic reserves. [demonic ancestry]
  1610 | D:2      | Reached XP level 5. HP: 41/41 MP: 5/5
  1795 | D:2      | Found a runed door.
  1799 | D:2      | Noticed Crazy Yiuf
  1804 | D:2      | Killed Crazy Yiuf
  2051 | D:2      | Got a faintly humming helmet
  2062 | D:2      | Identified the +1 helmet of Vehumet {rElec MP+9} (You took it off Robin on level 2 of the Dungeon)
  2492 | D:3      | Found a glowing golden altar of the Shining One.
  2653 | D:3      | Noticed M4edhros's ghost (weakling OpAr)
  2664 | D:3      | Killed M4edhros's ghost
  2727 | D:3      | Gained mutation: You regenerate a little health from kills. [demonic ancestry]
  2727 | D:3      | Reached XP level 6. HP: 46/47 MP: 6/6
  2924 | D:3      | Found a shattered altar of Ashenzari.
  3087 | D:3      | Found a burning altar of Makhleb.
  3882 | D:4      | Gained mutation: You have a pair of small antennae on your head. [demonic ancestry]
  3882 | D:4      | Reached XP level 7. HP: 26/52 MP: 7/7
  3884 | D:4      | Reached **** piety under Trog
  4495 | D:4      | Quit the game

Skill      XL: |  1  2  3  4  5  6  7 |
---------------+----------------------+-----
Armour         | 2 3 4 |  4.4
Dodging        | 2 |  2.8
Long Blades    | 3 4 |  4.9
Shields        | 1 2 3 |  3.1
Fighting       | |  3.0

Action                   |  1- 3 |  4- 6 |  7- 9 || total
-------------------------+-------+-------+-------++-------
Melee: Falchion          |    99 |   103 |       ||   202
       Kick              |    24 |    74 |     6 ||   104
       Long sword        |       |   200 |    18 ||   218
Throw: Javelin           |       |     2 |       ||     2
       Stone             |       |     3 |       ||     3
Invok: Berserk           |     2 |     4 |       ||     6
       Trog's Hand       |       |     1 |       ||     1
  Eat: Chunk             |     3 |    12 |     3 ||    18
Armor: Animal skin       |    26 |       |       ||    26
       Ring mail         |       |    25 |       ||    25
       Chain mail        |       |   170 |     6 ||   176
Dodge: Dodged            |    82 |   131 |     7 ||   220
       Rpst.: Falchion   |    24 |    16 |       ||    40
       Long sword        |       |    20 |     5 ||    25
